 Dungeon Crawl Stone Soup version 0.29-a0-350-g7790a0e70a (webtiles) character file.

Game seed: 12367795126655979535

1260 Hubjo the Sneak (level 8, -4/50 HPs)
             Began as a Deep Elf Fire Elementalist on Apr 22, 2022.
             Was a Believer of Ashenzari.
             Slain by a wyvern (13 damage)
             ... on level 5 of the Dungeon.
             The game lasted 00:22:52 (5975 turns).

Hubjo the Sneak (Deep Elf Fire Elementalist)        Turns: 5975, Time: 00:22:52

Health: -4/50      AC:  6    Str:  5    XL:     8   Next: 27%
Magic:  0/22       EV: 13    Int: 21    God:    Ashenzari [**....]
Gold:   1127       SH:  0    Dex: 19    Spells: 12/24 levels left

rFire   + . .      SeeInvis +   j - +5 short sword (freeze)
rCold   . . .      Faith    .   (no shield)
rNeg    . . .      Spirit   +   a - +0 robe
rPois   .          Reflect  .   (no helmet)
rElec   .          Harm     .   m - scarf of the Manifest Annoyance {+Inv, Elem, Fort} (curse)
rCorr   +          Rampage  .   (no gloves)
Will    +....                   (no boots)
Stlth   ++++......              u - amulet of guardian spirit
HPRegen 0.16/turn               d - ring of Panopticon {Wiz, Alch, Self} (curse)
MPRegen 0.18/turn               h - ring of the Sky {Contam rF+ Will+ rCorr AC+4 Dex+2, Self, Evo} (curse)

@: mighty
A: no striking features
a: Renounce Religion, Evoke Invisibility, Shatter the Chains


You were on level 5 of the Dungeon.
You worshipped Ashenzari.
Ashenzari was pleased with you.
You visited 2 branches of the dungeon, and saw 6 of its levels.

You collected 1127 gold pieces.

Inventory:

Hand Weapons
 b - a +4 falchion of distortion
 f - a +0 dagger of venom
 j - a +5 short sword of freezing (weapon)
 o - a +5 dagger of freezing
 r - a +0 dagger of venom
Missiles
 q - 7 poisoned darts
 w - 5 javelins
 z - 5 silver javelins (quivered)
Armour
 a - a +0 robe (worn)
 m - the cursed scarf of the Manifest Annoyance (worn) {+Inv, Elem, Fort}
   (You found it on level 1 of the Dungeon)

   It has a curse which improves the following skills: Elements: Fire Magic, Ice
   Magic, Air Magic and Earth Magic.
   Fortitude: Armour and Shields.
Magical Staves
 x - a staff of conjuration
Jewellery
 d - the cursed ring of Panopticon (left hand) {Wiz, Alch, Self}
   (You found it on level 1 of the Dungeon)

   [ring of wizardry]

   It improves your spell success rate.
   It has a curse which improves the following skills: Alchemy: Poison Magic and
   Transmutations.
   Introspection: Fighting and Spellcasting.
 h - the cursed ring of the Sky (right hand) {Contam rF+ Will+ rCorr AC+4 Dex+2, Self, Evo}
   (You acquired it on level 2 of the Dungeon)

   [ring of protection]

   AC:        It affects your AC (+4).
   Dex:       It affects your dexterity (+2).
   rF:        It protects you from fire.
   Contam:    It causes magical contamination when unequipped.
   rCorr:     It protects you from acid and corrosion.
   Will:      It increases your willpower.
   It has a curse which improves the following skills: Introspection: Fighting
   and Spellcasting.
   Evocations: Evocations.
 p - a +6 ring of dexterity
 u - an amulet of guardian spirit (around neck)
Scrolls
 c - a scroll of brand weapon
 k - a scroll of silence
 t - a scroll of immolation
 y - a scroll of identify
Potions
 l - 2 potions of attraction
 s - a potion of cancellation
 A - a potion of resistance
 B - a potion of degeneration
 C - 2 potions of brilliance


   Skills:
 + Level 3.7(5.4) Fighting
 - Level 2.4 Dodging
 + Level 6.8 Stealth
 + Level 6.5(8.5) Spellcasting
 - Level 1.1 Conjurations
 - Level 5.4(6.7) Fire Magic
 + Level 4.2(5.4) Ice Magic


You had 12 spell levels left.
You knew the following spells:

 Your Spells              Type           Power      Damage    Failure   Level
a - Foxfire               Conj/Fire      100%       2x1d9     1%          1
b - Flame Wave            Conj/Fire      25%        2d7       6%          4
c - Ozocubu's Armour      Ice            31%        N/A       1%          3
d - Hailstorm             Conj/Ice       22%        3d7       9%          4

Your spell library contained the following spells:

 Spells                   Type           Power      Damage    Failure   Level
 Freeze                   Ice            100%       1d11      1%          1
 Scorch                   Fire           74%        2d8       1%          2
 Conjure Flame            Conj/Fire      25%        6-21      1%          3
 Frozen Ramparts          Ice            62%        1d8       1%          3
 Inner Flame              Hex/Fire       23%        N/A       2%          3
 Pain                     Necr           32%        1d5       3%          1
 Tukima's Dance           Hex            8%         N/A       9%          3
 Anguish                  Hex/Necr       4%         N/A       28%         4
 Agony                    Necr           8%         N/A       61%         5
 Excruciating Wounds      Necr           4%         N/A       61%         5
 Ozocubu's Refrigeration  Ice            15%        4d8       93%         7
 Enfeeble                 Hex            4%         N/A       100%        7


Dungeon Overview and Level Annotations

Branches:
Dungeon (5/15)             Temple (1/1) D:4

Altars:
Ashenzari
Dithmenos
Elyvilon
Fedhas
Gozag
Hepliaklqana
Kikubaaqudgha
Makhleb
Nemelex Xobeh
Okawaru
Ru
Sif Muna
Trog
Uskayaw
Vehumet
Wu Jian
Xom
Yredelemnul
Zin
The Shining One

Shops:
D:1 ?


Message History

The orc priest begins to cast a cantrip, but forgets the words!
You puncture the orc priest! You freeze the orc priest.
You kill the orc priest!
No target in view!
Things that are here:
a +0 scimitar; a +0 chain mail; a +0 quarterstaff A wyvern is nearby!
A wyvern is nearby!
The wyvern hisses angrily.
You hit the wyvern. You freeze the wyvern.
The wyvern is lightly wounded.
The wyvern bites you but does no damage.
The wyvern barely misses you.
You hit the wyvern but do no damage.
The wyvern is lightly wounded.
A hound comes into view.
The wyvern misses you.
You barely miss the wyvern.
The wyvern is lightly wounded.
The hound barks!
The wyvern barely misses you. The wyvern bites you!
You closely miss the wyvern.
The wyvern is lightly wounded.
The wyvern bites you!
You feel very mighty all of a sudden. The wyvern bites you! x2
* * * LOW HITPOINT WARNING * * *
The orc wizard shouts!
You puncture the wyvern! You freeze the wyvern.
The wyvern is heavily wounded.
The hound closely misses you.
The wyvern bites you but does no damage.
The hound bites you.
* * * LOW HITPOINT WARNING * * *
As you read the scroll of immolation, it crumbles to dust.
The creatures around you are filled with an inner flame!
The wyvern bites you.
* * * LOW HITPOINT WARNING * * *
The hound bites you but does no damage. The wyvern bites you!
You die...

.,,..###...##...................#
#**.## ##,.?...........>........#
.*,.#****..#..........###.##)...#
,**,**,*,..##.........###........
,,,,**,,,..............####..##..
,,,,,,,,,................#.......
,,,,,,,,,.?....)...............##
,,,,,,,,,.......l..............#,
,,,,,,,,*....#.h@...o.......##.#.
,,,,,,,,*#..##...................
,,,,,,,,,.............##........#
,,,,**,,,............###.......##
,,,***,,,...........## ##.##.###
,,**,*,**.)..........###......#*
,,,,,,,,*............)...####..##
,,*****,*..##.......#.##...##....
,,*,*,*,,..,##......#..#.........


You could see a wyvern (inner flame), a hound (inner flame) and an orc wizard
(inner flame).

Vanquished Creatures
  Grinder (D:3)
  Eustachio (D:4)
  A black bear (D:5)
  2 ogres (D:5)
  A scorpion (D:4)
  4 wights (D:4)
  A howler monkey (D:5)
  2 jellies
  4 orc priests
  An orc wizard (D:5)
  7 adders
  4 gnolls (D:4)
  A white imp (D:5)
  An ufetubus (D:5)
  2 worms (D:2)
  A dart slug (D:1)
  3 orcs
  A bat (D:3)
  4 endoplasms
  3 giant cockroaches
  4 hobgoblins
  4 jackals (D:1)
  2 quokkas
  5 ball pythons
  5 frilled lizards
  8 goblins
  4 kobolds
  6 rats
83 creatures vanquished.

Vanquished Creatures (others)
  89 foxfires
89 creatures vanquished.

Grand Total: 172 creatures vanquished

Notes
Turn   | Place    | Note
-------+----------+-------------------------------------------
     0 | D:1      | Hubjo the Deep Elf Fire Elementalist began the quest for
                  | the Orb.
     0 | D:1      | Reached XP level 1. HP: 10/10 MP: 6/6
   597 | D:1      | Reached XP level 2. HP: 16/16 MP: 8/8
   717 | D:1      | Found Gazxuufe's Magic Scroll Shoppe.
   997 | D:1      | Reached skill level 1 in Fighting
  1517 | D:2      | Reached XP level 3. HP: 20/20 MP: 5/9
  1695 | D:2      | Found a broken altar of Ashenzari.
  1715 | D:2      | Became a worshipper of Ashenzari the Shackled
  1718 | D:2      | Identified a scroll of acquirement
  1720 | D:2      | Acquired the ring of Paranoia {Contam rF+ Will+ rCorr AC+4
                  | Dex+2}
  1887 | D:2      | Found a faded altar of an unknown god.
  2196 | D:2      | Reached XP level 4. HP: 24/26 MP: 11/11
  2222 | D:2      | Learned a level 4 spell: Flame Wave
  2226 | D:2      | Learned a level 3 spell: Ozocubu's Armour
  2781 | D:3      | Noticed Grinder
  2789 | D:3      | Acquired 999 gold pieces
  2854 | D:3      | Reached XP level 5. HP: 18/30 MP: 10/13
  3122 | D:3      | Killed Grinder
  3123 | D:3      | Reached skill level 5 in Stealth
  3123 | D:3      | Reached skill level 1 in Ice Magic
  3123 | D:3      | Reached XP level 6. HP: 12/36 MP: 3/15
  3620 | D:4      | Learned a level 4 spell: Hailstorm
  3650 | D:4      | Found a staircase to the Ecumenical Temple.
  3658 | Temple   | Entered the Ecumenical Temple
  4141 | D:4      | Noticed Eustachio
  4356 | D:4      | Killed Eustachio
  4357 | D:4      | Reached skill level 5 in Spellcasting
  4560 | D:4      | Reached * piety under Ashenzari
  4634 | D:4      | Reached XP level 7. HP: 23/40 MP: 2/18
  4640 | D:4      | Reached skill level 5 in Fire Magic
  4669 | D:4      | Identified the cursed scarf of the Manifest Annoyance
                  | {+Inv, Elem, Fort} (You found it on level 1 of the Dungeon)
  4908 | D:4      | Identified the +1 rapier "Gyrhom" {venom, rElec}
  5215 | D:5      | Entered Level 5 of the Dungeon
  5255 | D:5      | Reached ** piety under Ashenzari
  5263 | D:5      | Reached XP level 8. HP: 43/49 MP: 19/21
  5975 | D:5      | Slain by a wyvern

Illustrated notes

Levels and vault maps discovered:
D:1:      dpeg_arrival_round_b, layout_loops_corners, serial_shops, shop_statue
D:2:      layout_basic, ebering_ecumenical_altar_mist, basic_altar,
          roderic_lattice_a
D:3:      layout_rooms, minmay_misc_feat_chi, grunt_decor_one_mirror,
          uniq_grinder
D:4:      layout_basic, minmay_temple_entry_purple_smoke, uniq_eustachio
D:5:      layout_cave_pools, hangedman_decor_slide_cut, uniq_prince_ribbit1
Temple:   mainiacjoe_temple_cubbyholes

Skill      XL: |  1  2  3  4  5  6  7  8 |
---------------+-------------------------+-----
Fighting       | 1 2 3 |  3.7
Stealth        | 3 4 5 6 |  6.8
Spellcasting   | 4 5 6 |  6.5
Fire Magic     | 4 5 |  5.4
Ice Magic      | 1 2 3 4 |  4.2
Dodging        | |  2.4
Conjurations   | |  1.1

Action                   |  1- 3 |  4- 6 |  7- 9 || total
-------------------------+-------+-------+-------++-------
Melee: Dagger            |    50 |    45 |       ||    95
       Falchion          |       |     9 |    16 ||    25
       Short sword       |       |       |    67 ||    67
Throw: Javelin           |       |       |     4 ||     4
 Cast: Foxfire           |    44 |    10 |     3 ||    57
       Flame Wave        |       |     3 |       ||     3
       Ozocubu's Armour  |       |     2 |       ||     2
       Hailstorm         |       |     1 |       ||     1
Invok: Curse Item        |       |     2 |     1 ||     3
  Use: Scroll            |     4 |     7 |     4 ||    15
       Potion            |       |     7 |     2 ||     9
 Stab: Sleeping          |     7 |     7 |     6 ||    20
       Distracted        |       |     1 |       ||     1
Armor: Robe              |     7 |     9 |    19 ||    35
       Skin              |       |    21 |    19 ||    40
Dodge: Dodged            |    35 |    28 |    44 ||   107

Table legend: (Time is in decaauts)
 A = Elapsed time spent in this place.
 B = Non-inter-level travel time spent in this place.
 C = Inter-level travel time spent in this place.
 D = Time resting spent in this place.
 E = Time spent auto-exploring this place.
 F = Levels seen in this place.
 G = Mean time per level.
                   A        B        C        D        E       F      G
               +--------+--------+--------+--------+--------+-----+--------+
         Total |   5987 |   5713 |    274 |   1004 |   3478 |   6 |  997.8 |
       Dungeon |   5539 |   5381 |    158 |   1004 |   3189 |   5 | 1107.8 |
        Temple |    448 |    332 |    116 |      0 |    289 |   1 |  448.0 |
               +--------+--------+--------+--------+--------+-----+--------+

Top non-repeatable levels by time:
     D:1: 1463 daAuts
     D:4: 1220 daAuts
     D:3: 1196 daAuts
     D:2: 893 daAuts
     D:5: 765 daAuts
  Temple: 448 daAuts
